 Dungeon Crawl Stone Soup version 0.30.1-3-gfc49f6343a (webtiles) character file.

Game seed: 15418938464993462270

123734 wingedge the Destroyer (level 15, -12/125 HPs)
             Began as a Demigod Wanderer on Aug 2, 2023.
             Mangled by a goliath frog (22 damage)
             ... on level 1 of the Swamp on Aug 3, 2023.
             The game lasted 02:36:20 (30358 turns).

wingedge the Destroyer (Demigod Wanderer)          Turns: 30358, Time: 02:36:21

Health: -12/125    AC:  8    Str: 20    XL:     15   Next: 90%
Magic:  10/32      EV: 11    Int: 41    God:
Gold:   2556       SH: 13    Dex: 17    Spells: 2/32 levels left

rFire   . . .        b - +4 eveningstar (heavy)
rCold   + + +        M - +2 kite shield {rC+}
rNeg    + . .        X - +0 swamp dragon scales "Reseis" {rPois rC++ Str+4 Int+5}
rPois   +            T - +2 helmet {Int+3}
rElec   +            o - +2 cloak "Tugoth" {rC+ rN+ Will+}
rCorr   .            h - +2 pair of gloves {Str+3}
SInv    +            U - +1 pair of boots
Will    ++...        L - amulet of magic regeneration
Stlth   ++           Q - ring of wizardry
HPRegen 0.40/turn    f - ring "Enituizu" {Fly rElec rPois Str+3}
MPRegen 0.63/turn

%: clarity, wizardry (x1)
@: corroded, flying, very slightly contaminated
A: high MP 1, forlorn, divine attributes, see invisible, clarity, deterioration
1, wild magic 1, devolution 1
a: no special abilities


You were on level 1 of the Swamp.
You visited 4 branches of the dungeon, and saw 23 of its levels.
You visited 1 bazaar.
You also visited: Bailey, Gauntlet, Ice Cave and Volcano.

You collected 4313 gold pieces.
You spent 1757 gold pieces at shops.

Inventory:

Hand Weapons
 a - the +3 Elemental Staff {rElec rF+ rC+ AC+3}
   (You acquired it on level 3 of the Lair of Beasts)

   It enhances your fire, ice, earth and air magic.
   AC:        It affects your AC (+3).
   rF:        It protects you from fire.
   rC:        It protects you from cold.
   rElec:     It insulates you from electricity.
 b - a +4 heavy eveningstar (weapon)
 c - the +7 dagger "Transmigrator" {flame, rElec rPois}
   (You took it off a hobgoblin on level 3 of the Dungeon)

   rElec:     It insulates you from electricity.
   rPois:     It protects you from poison.
 Y - the +10 flail of Bopyt {pain, rN++}
   (You took it off a minotaur in a Gauntlet)

   rN:        It greatly protects you from negative energy.
Missiles
 J - 2 throwing nets (quivered)
Armour
 d - a +2 robe of willpower
 h - a +2 pair of gloves of strength (worn)
 o - the +2 cloak "Tugoth" (worn) {rC+ rN+ Will+}
   (You found it on level 6 of the Dungeon)

   rC:        It protects you from cold.
   rN:        It protects you from negative energy.
   Will:      It increases your willpower.
 x - a scarf of repulsion
 M - a +2 kite shield of cold resistance (worn)
 T - a +2 helmet of intelligence (worn)
 U - a +1 pair of boots (worn)
 X - the +0 swamp dragon scales "Reseis" (worn) {rPois rC++ Str+4 Int+5}
   (You found it on level 5 of the Lair of Beasts)

   Str:       It affects your strength (+4).
   Int:       It affects your intelligence (+5).
   rC:        It greatly protects you from cold.
   rPois:     It protects you from poison.
 Z - a +2 tower shield of resistance
Jewellery
 f - the ring "Enituizu" (right hand) {Fly rElec rPois Str+3}
   (You bought it in a shop on level 1 of the Dungeon)

   [ring of flight]

   Str:       It affects your strength (+3).
   rElec:     It insulates you from electricity.
   rPois:     It protects you from poison.
   Fly:       It grants you flight.
 n - the brooch of Shielding {Spirit SH+8}
   (You found it on level 4 of the Lair of Beasts)

   [amulet of guardian spirit]

   It causes incoming damage to be divided between your reserves of health and
   magic.
   SH:        It affects your SH (+8).
 s - the ring of Balance {rC+ MP-9 Int+3 SInv}
   (You found it in a Gauntlet)

   [ring of see invisible]

   Int:       It affects your intelligence (+3).
   rC:        It protects you from cold.
   MP:        It affects your magic capacity (-9).
   SInv:      It lets you see invisible.
 v - the ring of Vadep {rElec rF+ rN+ Int-3}
   (You bought it in a shop in a bazaar)

   [ring of positive energy]

   Int:       It affects your intelligence (-3).
   rF:        It protects you from fire.
   rElec:     It insulates you from electricity.
   rN:        It protects you from negative energy.
 F - the ring of the Hare {EV+10}
   (You found it on level 5 of the Dungeon)

   [ring of evasion]

   EV:        It affects your evasion (+10).
 I - a ring of protection from cold
 L - an amulet of magic regeneration (around neck)
 Q - a ring of wizardry (left hand)
Wands
 w - a wand of paralysis (30)
 K - a wand of acid (10)
 N - a wand of digging (2)
Scrolls
 e - a scroll of summoning
 g - 13 scrolls of teleportation
 i - 4 scrolls of fear
 q - 3 scrolls of brand weapon
 r - 5 scrolls of fog
 t - 2 scrolls of magic mapping
 u - 2 scrolls of immolation
 y - 3 scrolls of blinking
 C - 2 scrolls of identify
 D - 4 scrolls of enchant armour
 G - 2 scrolls of amnesia
 H - 9 scrolls of poison
 O - 2 scrolls of silence
 W - 3 scrolls of torment
Potions
 k - 5 potions of haste
 l - 3 potions of brilliance
 m - 3 potions of magic
 p - 3 potions of resistance
 A - 4 potions of berserk rage
 B - 5 potions of curing
 E - 4 potions of might
 R - 2 potions of cancellation
Miscellaneous
 z - a box of beasts (inert)


   Skills:
 + Level 9.6 Fighting
 + Level 5.1 Maces & Flails
 - Level 6.0 Armour
 - Level 4.0 Dodging
 - Level 4.0 Stealth
 * Level 6.9 Shields
 + Level 9.1 Spellcasting
 + Level 11.2 Conjurations
 - Level 7.0 Hexes
 * Level 2.5 Necromancy
 - Level 10.0 Transmutations
 - Level 4.0 Fire Magic
 - Level 5.0 Air Magic
 * Level 9.0 Earth Magic
 - Level 9.0 Poison Magic
 - Level 1.0 Evocations


You had 2 spell levels left.
You knew the following spells:

 Your Spells              Type           Power      Damage    Failure   Level
a - Poisonous Vapours     Pois/Air       100%       N/A       1%          2
b - Magic Dart            Conj           100%       1d8       1%          1
c - Mephitic Cloud        Conj/Pois/Air  85%        N/A       1%          3
d - Stone Arrow           Conj/Erth      100%       3d13      1%          3
e - Olgreb's Toxic Radia  Pois           88%        N/A       1%          4
f - Irradiate             Conj/Tmut      47%        3d27      1%          5
g - Fulminant Prism       Conj/Hex       44%        3d19      1%          4
h - Iron Shot             Conj/Erth      46%        9d9       9%          6
i - Sublimation of Blood  Necr           51%        N/A       2%          2

Your spell library contained the following spells:

 Spells                   Type           Power      Damage    Failure   Level
 Shock                    Conj/Air       100%       1d9       1%          1
 Cigotuvi's Dreadful Rot  Necr/Pois/Air  100%       N/A       1%          2
 Ensorcelled Hibernation  Hex/Ice        100%       N/A       1%          2
 Searing Ray              Conj           100%       2d8       1%          2
 Wereblood                Tmut           92%        N/A       1%          2
 Call Imp                 Summ           48%        N/A       6%          2
 Dazzling Flash           Conj/Hex       100%       N/A       1%          3
 Spider Form              Tmut/Pois      90%        N/A       1%          3
 Tukima's Dance           Hex            78%        N/A       1%          3
 Leda's Liquefaction      Hex/Erth       41%        N/A       1%          4
 Blade Hands              Tmut           46%        N/A       1%          5
 Iskenderun's Battlesphe  Conj           97%        2d14      1%          5
 Portal Projectile        Hex/Tloc       100%       N/A       2%          3
 Cause Fear               Hex            39%        N/A       2%          4
 Airstrike                Air            33%        2d(5-21)  4%          4
 Iskenderun's Mystic Bla  Conj/Tloc      71%        2d14      4%          4
 Volatile Blastmotes      Fire/Tloc      90%        2d17      5%          3
 Animate Armour           Summ/Erth      100%       N/A       6%          4
 Silence                  Hex/Air        36%        N/A       9%          5
 Call Canine Familiar     Summ           24%        N/A       11%         3
 Starburst                Conj/Fire      40%        6d12      21%         6
 Passage of Golubria      Tloc           24%        N/A       30%         4
 Agony                    Necr           51%        N/A       30%         5
 Dragon Form              Tmut           46%        N/A       38%         7
 Storm Form               Tmut/Air       40%        N/A       71%         7
 Spellforged Servitor     Conj/Summ      35%        N/A       91%         7
 Lehudib's Crystal Spear  Conj/Erth      46%        10d11     94%         8
 Summon Cactus Giant      Summ           12%        N/A       98%         6
 Summon Hydra             Summ           12%        N/A       100%        7
 Summon Horrible Things   Summ           12%        N/A       100%        8
 Chain Lightning          Conj/Air       42%        3d56      100%        9
 Dragon's Call            Summ           12%        N/A       100%        9
 Fire Storm               Conj/Fire      40%        8d10      100%        9
 Shatter                  Erth           44%        3d34*     100%        9


Dungeon Overview and Level Annotations

Branches:
Dungeon (15/15)            Temple (0/1) D:5            Lair (5/5) D:9
  Swamp (1/4) Lair:3       Spider (0/4) Lair:2        Slime (0/5) Lair:4
    Orc (2/2) D:9             Elf (0/3) Orc:2        Vaults (0/5) D:13
 Depths (0/4) D:15         Bailey (visited)           IceCv (visited)
Volcano (visited)         Gauntlet (visited)

Shops:
D:1 =   D:9 :   D:12 =   D:15 =[?   Orc:2 *[(=

Annotations:
D:15 Bananafolds's ghost, adept NaVM; Xiestris's ghost, journeyman DsGl
Lair:1 1 runed translucent door


Innate Abilities, Weirdness & Mutations

You have an increased reservoir of magic. (+10% MP)
You shall have no god before yourself.
Your divine heritage dramatically boosts your attributes as you level up.
You have supernaturally acute eyesight. (SInv)
You possess an exceptional clarity of mind.
Your body sometimes deteriorates upon taking damage.
Your spells are a little harder to cast, but a little more powerful.
You have hidden genetic defects.


Message History

The goliath frog closely misses you.
You sock the goliath frog!
The goliath frog is moderately wounded.
The goliath frog hits you but does no damage.
You block the goliath frog's attack. The goliath frog hits you!
* * * LOW HITPOINT WARNING * * *
The acid corrodes you!
You are splashed with acid!
* * * LOW HITPOINT WARNING * * *
Casting: Irradiate (mildly dangerous; 1% risk of failure)
Confirm with . or Enter, or press ? or * to list all spells.
Aiming: Iron Shot (dangerous; 9% risk of failure)
Press: ? - help, Shift-Dir - straight line, f - goliath frog
Aim: a goliath frog (moderately wounded, 61% to hit)
You miscast Iron Shot.
You are lightly contaminated with residual magic.
You feel a surge of energy from the ground.
* * * LOW HITPOINT WARNING * * *
The goliath frog barely misses you.
You feel much better. You block the goliath frog's attack.
You closely miss the goliath frog.
The goliath frog is moderately wounded.
The goliath frog hits you.
* * * LOW HITPOINT WARNING * * *
The acid corrodes you!
You are splashed with acid!
* * * LOW HITPOINT WARNING * * *
The goliath frog hits you but does no damage.
As you read the scroll of fear, it crumbles to dust.
You assume a fearsome visage.
The goliath frog easily resists.
The goliath frog hits you!
* * * LOW HITPOINT WARNING * * *
The acid corrodes you!
You are splashed with acid.
* * * LOW HITPOINT WARNING * * *
Blink to where?
Press: ? - help, Dir - move target, p - goliath frog
As you read the scroll of blinking, it crumbles to dust.
As you read the scroll of fear, it crumbles to dust.
You assume a fearsome visage.
The goliath frog resists with almost no effort.
The goliath frog hits you from afar!!
You die...

~.♣.♣~~..~.♣~~♣§.♣♣
§♣♣♣♣♣♣~..~..~§~..♣♣
~~≈≈≈≈~♣♣.§≈≈.§~.♣.♣ ~~~~..
~≈≈~.≈≈~♣~≈≈≈.~~~~♣♣♣.~~~.♣
≈≈..~~≈≈.~≈≈~§.~..~♣♣.§...♣
♣
≈§[.[..≈≈≈≈..~~~~~~.♣.~.♣.♣
♣
.~.......~~...§~§.~>♣~~~~.♣
♣
~.............F..~~....~~♣
≈......§.~......@~~~.~.§~♣
♣ ...≈≈≈≈~..♣..~.~..~.♣~♣ ♣
.~≈≈~.≈≈..~~†~.♣♣..~§~♣ ♣
~~≈...~≈≈.~~.~♣♣♣♣./÷~♣ ♣♣
≈≈≈~....≈≈~.~♣♣ ♣♣♣..♣ ♣♣~
.......†~≈..♣♣ ♣..>♣ ♣.)
.........≈.♣♣ ♣♣..♣♣ ♣♣.~
.......~≈≈.♣ ♣♣~~♣ ♣♣(~~
≈≈.~...~≈.~♣ ♣.†♣♣♣..~.


You could see a goliath frog.

Vanquished Creatures
  The ghost of jujuben the Brawler, a journeyman TrFi of Wu Jian (D:15)
  A fenstrider witch (Swamp:1)
  A fire giant (D:14)
  An orc warlord (Orc:2)
  An ironbound preserver (D:13)
  A stone giant (D:15)
  A minotaur (Gauntlet)
  An ettin (Orc:2)
  Snorg (D:13)
  A great orb of eyes (D:14)
  Fannar (Orc:1)
  7 hydras
  A ghost crab (Swamp:1)
  A spriggan air mage (Swamp:1)
  3 catoblepae (Lair:5)
  5 centaur warriors
  4 alligators (Swamp:1)
  A dancing weapon (Volcano)
  2 ogre magi
  7 two-headed ogres
  2 death scarabs (Gauntlet)
  4 tengu warriors (D:15)
  A deep troll earth mage (D:14)
  12 death yaks
  4 boulder beetles
  3 orc high priests (Orc:2)
  Amaemon (D:8)
  3 skysharks
  2 fire crabs
  A skeletal warrior (D:15)
  A spectral death yak (Gauntlet)
  2 goliath frogs (Swamp:1)
  3 bog bodies
  2 swamp dragons (Swamp:1)
  An obsidian statue (Lair:4)
  Pikel (D:6)
  2 deep elf pyromancers (D:14)
  A lindwurm (Lair:5)
  5 wizards (Volcano)
  6 orc knights
  8 ugly things
  4 orc sorcerers
  8 cyclopes
  4 manticores
  7 elephants
  Maurice (D:8)
  An ice statue (IceCv)
  5 toenail golems (Volcano)
  A black mamba (Lair:5)
  A torpor snail (Lair:3)
  An orange demon (D:8)
  4 molten gargoyles (D:10)
  A gargoyle (D:12)
  9 cane toads
  Maggie (D:7)
  2 rime drakes
  An unseen horror (D:11)
  An ice devil (IceCv)
  10 komodo dragons
  2 freezing wraiths (D:14)
  A yaktaur (D:15)
  An efreet (D:14)
  2 tengu conjurers
  An anaconda simulacrum (IceCv)
  10 trolls
  3 meliai (Gauntlet)
  3 hornets (D:9)
  A queen bee (Gauntlet)
  5 polar bears (Lair:3)
  A tyrant leech (Swamp:1)
  A spectral dream sheep (Gauntlet)
  18 blink frogs
  7 dream sheep (Lair:4)
  A shadow (D:13)
  6 water elementals
  5 wyverns
  20 slime creatures
  2 dire elephant simulacra (IceCv)
  A vampire (D:9)
  4 wraiths
  A basilisk (D:9)
  50 yaks
  3 steam dragons
  A spectral komodo dragon (Gauntlet)
  3 wargs
  13 vampire mosquitoes
  2 harpy simulacra (IceCv)
  A death yak simulacrum (IceCv)
  3 swamp worms (Swamp:1)
  An acid dragon (D:13)
  14 water moccasins
  2 hydra simulacra (IceCv)
  2 ice beasts (D:6)
  2 sky beasts
  31 orc warriors
  6 black bears
  A boggart (D:15)
  21 wolves
  26 centaurs
  7 ogres
  6 phantoms
  3 kobold brigands
  7 gnoll sergeants (Bailey)
  5 scorpions
  17 bullfrogs
  7 two-headed ogre simulacra (IceCv)
  A cane toad simulacrum (IceCv)
  12 killer bees
  3 elephant simulacra (IceCv)
  2 howler monkeys
  11 electric eels
  4 hounds
  16 orc priests
  10 jellies
  8 gnoll boudas
  A sleepcap (D:7)
  3 iguanas (D:6)
  20 orc wizards
  8 spriggan simulacra (IceCv)
  A polar bear simulacrum (IceCv)
  7 troll simulacra (IceCv)
  A wolf simulacrum (IceCv)
  19 gnolls
  6 adders
  5 naga simulacra (IceCv)
  3 shadow imps
  18 white imps
  5 ufetubi (IceCv)
  A dart slug (D:3)
  76 orcs
  5 endoplasms
  5 giant cockroaches
  9 goblins
  7 hobgoblins
  10 jackals
  4 quokkas
  9 ball pythons
  6 bats
  2 frilled lizards (D:1)
  12 kobolds
  4 rats
  A butterfly (Lair:2)
  A fulminant prism (Orc:1)
815 creatures vanquished.

Vanquished Creatures (others)
  An alligator (Swamp:1)
  A bloated husk (Swamp:1)
  59 fulminant prisms
61 creatures vanquished.

Grand Total: 876 creatures vanquished

Notes
Turn   | Place    | Note
-------+----------+-------------------------------------------
     0 | D:1      | wingedge the Demigod Wanderer began the quest for the Orb.
     0 | D:1      | wingedge set off with the following items: a +0 dagger, 2
                  | throwing nets, a +0 buckler, a potion of berserk rage, a +0
                  | leather armour; and the following spells available to
                  | memorise: Poisonous Vapours, Cigotuvi's Dreadful Rot.
     0 | D:1      | Reached XP level 1. HP: 14/14 MP: 4/4
   144 | D:1      | Reached skill level 1 in Air Magic
   146 | D:1      | Reached XP level 2. HP: 20/20 MP: 5/5
   348 | D:1      | Learned a level 2 spell: Poisonous Vapours
   761 | D:1      | Found Imoinav's Jewellery Boutique.
   837 | D:1      | Reached XP level 3. HP: 25/26 MP: 6/6
   910 | D:1      | Learned a level 1 spell: Magic Dart
  2160 | D:3      | Reached XP level 4. HP: 31/33 MP: 0/8
  2556 | D:3      | Reached skill level 1 in Conjurations
  2806 | D:3      | Identified the +7 dagger "Transmigrator" {flame, rElec
                  | rPois}
  3063 | D:3      | Reached XP level 5. HP: 38/38 MP: 2/9
  3359 | D:3      | Learned a level 3 spell: Mephitic Cloud
  3868 | D:4      | Reached skill level 2 in Conjurations
  3994 | D:4      | Reached XP level 6. HP: 29/45 MP: 8/11
  5458 | D:5      | Entered Level 5 of the Dungeon
  5556 | D:4      | Reached skill level 1 in Fighting
  5692 | D:5      | Found the ring of the Hare {EV+10}
  5868 | D:5      | Reached XP level 7. HP: 48/52 MP: 2/13
  5888 | D:5      | Reached skill level 3 in Conjurations
  5899 | D:5      | Reached skill level 4 in Conjurations
  6146 | D:5      | Learned a level 3 spell: Stone Arrow
  6243 | D:5      | Found a staircase to the Ecumenical Temple.
  6248 | D:5      | Reached skill level 1 in Earth Magic
  6658 | D:5      | Reached XP level 8. HP: 59/59 MP: 2/15
  7326 | D:6      | Reached skill level 5 in Air Magic
  7432 | D:6      | Reached skill level 5 in Conjurations
  7443 | D:6      | Reached skill level 5 in Poison Magic
  7719 | D:6      | You fall into a shaft and drop 2 floors!
  7924 | D:7      | Reached XP level 9. HP: 49/64 MP: 5/18
  8002 | D:7      | Noticed Maggie
  8010 | D:7      | Killed Maggie
  8011 | D:7      | Reached skill level 5 in Earth Magic
  8011 | D:7      | Reached skill level 1 in Armour
  8511 | D:6      | Noticed Pikel
  8521 | D:6      | Killed Pikel
  8522 | D:6      | Reached skill level 6 in Conjurations
  8615 | D:6      | Identified the +2 cloak "Tugoth" {rC+ rN+ Will+}
  9511 | D:8      | Got Dodwigua's Spellbook of Green Anemomancy
  9517 | D:8      | Learned a level 4 spell: Olgreb's Toxic Radiance
 10106 | D:1      | Bought an amulet of magic regeneration for 300 gold pieces
 10393 | D:8      | Noticed an orange demon
 10393 | D:8      | Noticed Amaemon
 10405 | D:8      | Killed an orange demon
 10406 | D:8      | Reached skill level 5 in Spellcasting
 10406 | D:8      | Reached XP level 10. HP: 77/77 MP: 3/21
 10415 | D:8      | Killed Amaemon
 10492 | D:8      | Noticed Maurice
 10500 | D:8      | Killed Maurice
 11671 | D:9      | Reached skill level 1 in Transmutations
 11672 | D:9      | Found a staircase to the Orcish Mines.
 11843 | D:9      | Found Dawk's Book Shoppe.
 11849 | D:9      | Reached XP level 11. HP: 85/85 MP: 11/22
 11942 | D:9      | Found a staircase to the Lair.
 11951 | D:9      | Reached skill level 5 in Fighting
 12391 | D:9      | Reached skill level 7 in Conjurations
 12514 | Lair:1   | Entered Level 1 of the Lair of Beasts
 12850 | Lair:1   | Noticed a dire elephant
 12850 | Lair:1   | Noticed a lindwurm
 12871 | Lair:1   | Found a runed translucent door.
 13522 | Lair:2   | Noticed a death yak
 13531 | Lair:2   | Noticed a death yak
 13532 | Lair:2   | Noticed a death yak
 13533 | Lair:2   | Noticed a death yak
 13533 | Lair:2   | Noticed a death yak
 13550 | Lair:2   | Killed a death yak
 13551 | Lair:2   | Reached skill level 5 in Transmutations
 13553 | Lair:2   | Killed a death yak
 13562 | Lair:2   | Noticed a death yak
 13583 | Lair:1   | Killed a death yak
 13593 | Lair:1   | Learned a level 5 spell: Irradiate
 13721 | Lair:1   | Killed a death yak
 13803 | Lair:2   | Killed a death yak
 13807 | Lair:2   | Killed a death yak
 14216 | Lair:2   | Reached skill level 8 in Conjurations
 14249 | Lair:2   | Found a hole to the Spider Nest.
 14270 | Lair:2   | Reached XP level 12. HP: 96/96 MP: 12/23
 14407 | Lair:2   | Found the +7 mace of Variability {chaos, chaos arc}
 14808 | Lair:3   | Found a dark tunnel.
 14817 | Volcano  | Entered a volcano
 15047 | Volcano  | Reached skill level 9 in Conjurations
 15305 | Lair:3   | Reached skill level 1 in Hexes
 15470 | Lair:3   | Noticed an eight-headed hydra
 15474 | Lair:3   | Killed an eight-headed hydra
 15669 | Lair:3   | Noticed a four-headed hydra
 15671 | Lair:3   | Noticed a four-headed hydra
 15802 | Lair:3   | Found a staircase to the Swamp.
 15905 | Lair:3   | You fall into a shaft and drop 2 floors!
 15905 | Lair:5   | Entered Level 5 of the Lair of Beasts
 16060 | Lair:5   | Reached XP level 13. HP: 97/105 MP: 10/26
 16093 | Lair:5   | Learned a level 4 spell: Fulminant Prism
 16108 | Lair:4   | Reached skill level 5 in Hexes
 16194 | Lair:4   | Found a staircase to the Slime Pits.
 16451 | Lair:4   | Identified 2 scrolls of acquirement
 16781 | Lair:3   | Identified the +2 great mace of the Wheel {heavy, rPois}
 17111 | Lair:3   | Acquired the +3 Elemental Staff {rElec rF+ rC+ AC+3}
 17111 | Lair:3   | Found the +3 Elemental Staff {rElec rF+ rC+ AC+3}
 17115 | Lair:3   | Acquired 1163 gold pieces
 17395 | D:1      | Bought the ring "Enituizu" {Fly rElec rPois Str+3} for 420
                  | gold pieces
 18061 | Lair:4   | Found the brooch of Shielding {Spirit SH+8}
 18898 | Lair:5   | Reached skill level 10 in Conjurations
 18898 | Lair:5   | Reached skill level 10 in Transmutations
 19253 | Lair:5   | Identified the +0 swamp dragon scales "Reseis" {rPois rC++
                  | Str+4 Int+5}
 19483 | Orc:1    | Entered Level 1 of the Orcish Mines
 20115 | Orc:2    | Entered Level 2 of the Orcish Mines
 20128 | Orc:2    | Reached skill level 1 in Fire Magic
 20168 | Orc:2    | Reached XP level 14. HP: 115/115 MP: 10/28
 20293 | Orc:2    | Gained mutation: You are dopey. (Int -2) [a neqoxec]
 20445 | Orc:2    | Found a staircase to the Elven Halls.
 20454 | Orc:2    | Found Sonk's Antique Armour Boutique.
 20486 | Orc:2    | Found Jecs's Jewellery Emporium.
 20590 | Orc:2    | Noticed an orc warlord
 20648 | Orc:2    | Killed an orc warlord
 20659 | Orc:2    | Reached skill level 11 in Conjurations
 20769 | Orc:2    | Found Reaby's General Store.
 20811 | Orc:2    | Bought a +1 pair of gloves of strength for 214 gold pieces
 20927 | Orc:2    | Found Neukill's Antique Weapon Emporium.
 21299 | Orc:1    | Noticed Fannar
 21310 | Orc:1    | Killed Fannar
 21490 | D:10     | Entered Level 10 of the Dungeon
 21701 | D:10     | Found a flagged portal.
 21708 | Bailey   | Entered a bailey
 22325 | D:10     | Acquired a +2 helmet of intelligence
 22640 | D:11     | Found a gate leading to a gauntlet.
 22658 | Gauntlet | Entered a Gauntlet
 22658 | Gauntlet | Found a transporter.
 22716 | Gauntlet | Found a transporter.
 22719 | Gauntlet | Found a transporter.
 22720 | Gauntlet | Found a transporter.
 22731 | Gauntlet | Found a transporter.
 22731 | Gauntlet | Found a transporter.
 22732 | Gauntlet | Found a transporter.
 22740 | Gauntlet | Found a transporter.
 22743 | Gauntlet | Found a transporter.
 22744 | Gauntlet | Found a transporter.
 22755 | Gauntlet | Found a transporter.
 22756 | Gauntlet | Found a transporter.
 22760 | Gauntlet | Found a transporter.
 22764 | Gauntlet | Found a transporter.
 22881 | Gauntlet | Got the Reference Book on Support
 22948 | Gauntlet | Learned a level 6 spell: Iron Shot
 23049 | Gauntlet | Reached skill level 5 in Armour
 23128 | Gauntlet | Identified the ring of Balance {rC+ MP-9 Int+3 SInv}
 23149 | Gauntlet | Identified the +10 flail of Bopyt {pain, rN++}
 23216 | Gauntlet | Identified the +1 ring mail "Vygew" {rElec Str+4}
 23219 | Gauntlet | Got Luem's Tome of Vexing Hypothermia
 23408 | D:11     | Reached skill level 1 in Maces & Flails
 23828 | D:12     | Found a frozen archway.
 23866 | IceCv    | Entered an ice cave
 25049 | D:12     | Found Nokup's Jewellery Shop.
 25257 | D:12     | Reached XP level 15. HP: 124/124 MP: 3/32
 25764 | D:13     | Lost mutation: You are dopey. (Int -2) [potion of mutation]
 25764 | D:13     | Gained mutation: Your muscles are strong. (Str +4, Int/Dex
                  | -1) [potion of mutation]
 25764 | D:13     | Gained mutation: You are covered in fur. (AC +1) [potion of
                  | mutation]
 25764 | D:13     | Gained mutation: You have hidden genetic defects. [potion
                  | of mutation]
 25765 | D:13     | Lost mutation: You have hidden genetic defects. [potion of
                  | mutation]
 25765 | D:13     | Lost mutation: Your muscles are strong. (Str +4, Int/Dex
                  | -1) [potion of mutation]
 25765 | D:13     | Lost mutation: You are covered in fur. (AC +1) [potion of
                  | mutation]
 25765 | D:13     | Gained mutation: You have supernaturally acute eyesight.
                  | (SInv) [potion of mutation]
 25765 | D:13     | Gained mutation: You passively dampen the noise of your
                  | surroundings. [potion of mutation]
 25765 | D:13     | Gained mutation: You occasionally lose the ability to read
                  | scrolls when taking damage. [potion of mutation]
 25775 | D:13     | Noticed Snorg
 25783 | D:13     | Killed Snorg
 25923 | D:13     | Found a gate to the Vaults.
 26192 | D:13     | Reached skill level 5 in Shields
 26510 | D:13     | Identified the +3 leather armour of Inviolability {Int+3}
 27077 | D:14     | Noticed a fire giant
 27296 | D:14     | Killed a fire giant
 27794 | D:14     | Identified the +2 chain mail "Iforash" {Regen+ Int+3}
 28139 | D:15     | Entered Level 15 of the Dungeon
 28139 | D:15     | Found a transporter.
 28139 | D:15     | Found a transporter.
 28341 | D:15     | Found a gateway to a bazaar.
 28351 | Bazaar   | Entered a bazaar
 28351 | Bazaar   | Found Nilaaver's Magic Scroll Emporium.
 28351 | Bazaar   | Found Qangatyt's Magic Scroll Shoppe.
 28351 | Bazaar   | Found Inobo's Jewellery Emporium.
 28353 | Bazaar   | Found Soffezab's Jewellery Shoppe.
 28367 | Bazaar   | Bought a scroll of summoning for 85 gold pieces
 28367 | Bazaar   | Bought a scroll of identify for 18 gold pieces
 28367 | Bazaar   | Bought a scroll of identify for 18 gold pieces
 28374 | Bazaar   | Bought a scroll of magic mapping for 142 gold pieces
 28374 | Bazaar   | Bought a scroll of blinking for 142 gold pieces
 28374 | Bazaar   | Bought a scroll of identify for 38 gold pieces
 28382 | Bazaar   | Bought the ring of Vadep {rElec rF+ rN+ Int-3} for 312 gold
                  | pieces
 28459 | D:15     | Found a staircase to the Depths.
 28577 | D:15     | Found Rul Qen's Magic Scroll Emporium.
 28585 | D:15     | Bought a scroll of amnesia for 68 gold pieces
 28635 | D:15     | Found Oplithew's Armour Shop.
 28722 | D:15     | Noticed Bananafolds's ghost (adept NaVM)
 28770 | D:15     | Learned a level 2 spell: Sublimation of Blood
 28772 | D:15     | Noticed jujuben's ghost (journeyman TrFi)
 29031 | D:15     | Found Kaca's Jewellery Shop.
 29072 | D:15     | Noticed Xiestris's ghost (journeyman DsGl)
 29317 | D:15     | Reached skill level 1 in Necromancy
 29336 | D:15     | Killed jujuben's ghost
 29381 | D:15     | Gained mutation: Your body sometimes deteriorates upon
                  | taking damage. [mutagenic glow]
 29611 | D:15     | Lost mutation: You passively dampen the noise of your
                  | surroundings. [potion of mutation]
 29611 | D:15     | Lost mutation: You occasionally lose the ability to read
                  | scrolls when taking damage. [potion of mutation]
 29611 | D:15     | Gained mutation: Your spells are a little harder to cast,
                  | but a little more powerful. [potion of mutation]
 29611 | D:15     | Gained mutation: You possess an exceptional clarity of
                  | mind. [potion of mutation]
 29611 | D:15     | Gained mutation: You have hidden genetic defects. [potion
                  | of mutation]
 29831 | Swamp:1  | Entered Level 1 of the Swamp
 29975 | Swamp:1  | Reached skill level 5 in Maces & Flails
 30122 | Swamp:1  | Noticed a fenstrider witch
 30126 | Swamp:1  | Killed a fenstrider witch
 30347 | Swamp:1  | HP: 6/125 [acid (6)]
 30358 | Swamp:1  | Mangled by a goliath frog

Illustrated notes

Levels and vault maps discovered:
D:1:      dpeg_arrival_round_a, layout_loops_ring, serial_shops, shop,
          fountainhead
D:2:      layout_basic, dilly_ecumenical_altar_fadedgnrine,
          kennysheep_minor_cross, item_on_display_a
D:3:      minmay_angry_zag, layout_loops_ring
D:4:      layout_layer_cave, good_gods_temple_1, general_overflow_altar
D:5:      layout_layer_cave, minmay_temple_entry_nine_rooms
D:6:      layout_cave_pods, minmay_misc_feat_tower, corexii_leaking_fountain,
          st_stairs_13, uniq_pikel
D:7:      layout_cave_pools, serial_glass, glass_columns_b, glass_columns_b,
          uniq_maggie
D:8:      layout_cave_pods, gammafunk_temple_overflow_elements,
          serial_bayou_pond_d, dreamdust_gnoll_shepherd, uniq_maurice,
          uniq_amaemon
D:9:      layout_roguey, david_lair_generic, david_orc_3, serial_bayou,
          serial_bayou_ford_a, serial_bayou_pond_b, serial_bayou_pond_b,
          serial_bayou_shore_b, st_stairs_6, nrook_mini_backslash,
          kennysheep_small_square
D:10:     layout_roguey, enter_bailey_2, minivault_8
D:11:     layout_cave_pools, gauntlet_entry_generic, bloody_makhleb
D:12:     layout_irregular_city, serial_shops,
          nicolae_shop_competitors_out_of_business, portal_ice_cave_entry_imps
D:13:     layout_basic, skrybe_vaults_entry_preservation,
          grunt_dithmenos_smoke_and_mirrors, uniq_snorg
D:14:     minmay_mutant_horseshoe, layout_basic, dreamdust_princess_corridor,
          minmay_misc_feat_cross, kiku_gazebo_garden_becter
D:15:     grunt_enter_depths_snipers, layout_irregular_city, nzn_ghost_randoct,
          minmay_tree_intersection, serial_shops, statue_bzr, shop, shop, shop
Lair:1:   gammafunk_lair_enchanted_lake, layout_chaotic_city,
          infiniplex_staircase_pool
Lair:2:   layout_long_grid, spider_nest_entry_webs, beast_lair_carwin_8,
          lemuel_fruit_fields
Lair:3:   nzn_winding_woodlands_stair_cross [nzn_winding_woodlands_5x15_parted,
          nzn_winding_woodlands_center_garden,
          nzn_winding_woodlands_5x15_pathside_ponds,
          nzn_winding_woodlands_5x5_open_star, nzn_winding_woodlands_5x5_cross,
          nzn_winding_woodlands_5x15_split_checker,
          nzn_winding_woodlands_center_lodge,
          nzn_winding_woodlands_5x15_zeroes], layout_chaotic_city,
          skrybe_swamp_entry_bodies, nicolae_volcano_entry_lava_flow,
          st_stairs_5, cheibrodos_lair_lostbears, serial_bayou_shore_b
Lair:4:   statuecave_lemuel, layout_gridlike, minmay_slime_entry_pillars
Lair:5:   evilmike_catoblepas_cave, layout_misc_corridors, serial_bayou_lagoon_a
Swamp:1:  layout_falls_marsh, wheals_swamp_sinkhole, nicolae_swamp_oxbows
Orc:1:    layout_diamond_mine, nicolae_orc_damp_corner, nicolae_orc_tapped_out,
          uniq_fannar
Orc:2:    grunt_orc_gardens, layout_diamond_mine, grunt_orc_garden,
          grunt_orc_garden, grunt_orc_garden, grunt_orc_garden

Skill      XL: |  1  2  3  4  5  6  7  8  9 10 11 12 13 14 15 |
---------------+----------------------------------------------+-----
Air Magic      | 1 2 3 4 5 |  5.0
Poison Magic   | 2 3 4 5 9 |  9.0
Conjurations   | 1 2 4 5 6 8 9 10 11 | 11.2
Spellcasting   | 2 4 5 6 8 9 |  9.1
Shields        | 2 3 4 6 |  6.9
Fighting       | 1 3 4 6 7 8 9 |  9.6
Dodging        | 4 |  4.0
Earth Magic    | 1 4 6 7 9 |  9.0
Armour         | 2 3 5 6 |  6.0
Transmutations | 1 7 9 10 | 10.0
Stealth        | 3 4 |  4.0
Hexes          | 4 6 7 |  7.0
Fire Magic     | 1 4 |  4.0
Maces & Flails | 2 5 |  5.1
Necromancy     | 2 |  2.5
Evocations     | |  1.0

Action                     |  1- 3 |  4- 6 |  7- 9 | 10-12 | 13-15 || total
---------------------------+-------+-------+-------+-------+-------++-------
  Melee: Dagger            |    59 |    46 |   190 |   166 |    18 ||   479
         Short sword       |    87 |       |       |       |       ||    87
         Falchion          |     1 |    19 |       |       |       ||    20
         Punch             |     1 |     1 |       |       |       ||     2
         Staff             |       |       |       |       |    41 ||    41
         Eveningstar       |       |       |       |       |   149 ||   149
  Throw: Throwing net      |     2 |       |       |       |       ||     2
   Cast: Poisonous Vapours |    30 |    63 |    38 |    72 |    71 ||   274
         Magic Dart        |     7 |    29 |    16 |       |     1 ||    53
         Mephitic Cloud    |       |     3 |    20 |    30 |    39 ||    92
         Stone Arrow       |       |       |    48 |   203 |   434 ||   685
         Olgreb's Toxic Ra |       |       |     1 |    36 |    61 ||    98
         Irradiate         |       |       |       |     6 |    24 ||    30
         Fulminant Prism   |       |       |       |       |    60 ||    60
         Iron Shot         |       |       |       |       |   128 ||   128
         Sublimation of Bl |       |       |       |       |     1 ||     1
  Evoke: Wand              |       |       |       |       |     1 ||     1
         Box of beasts     |       |       |       |       |     1 ||     1
    Use: Potion            |     1 |       |     1 |       |    11 ||    13
         Scroll            |     1 |     5 |     3 |     8 |    26 ||    43
   Stab: Sleeping          |     4 |       |       |       |       ||     4
         Confused          |       |     1 |     9 |     4 |    13 ||    27
         Distracted        |       |       |       |       |     1 ||     1
 Armour: Leather armour    |    33 |       |     5 |    63 |    23 ||   124
         Skin              |       |     2 |       |       |       ||     2
         Robe              |       |     5 |    21 |       |       ||    26
         Swamp dragon scal |       |       |       |       |   149 ||   149
  Dodge: Dodged            |    94 |    46 |   171 |   252 |   520 ||  1083
  Block: Buckler           |    28 |     1 |    36 |    52 |    86 ||   203
         Kite shield       |       |       |       |       |   208 ||   208
